AoeStats
← DK

Arabia

510098353Analyzed
1v1 RM · 3d ago on Sep 29, 2026· 31m 20s· 2 players
Game mode
Random Map
Map size
Tiny (2 player)
Population
200
Speed
Normal
Resources
Standard
Victory
Conquest
Starting age
Dark Age
Ending age
Imperial Age
RankedLock teamsTeams togetherTeam positionsShared explorationLock speedFull tech treeHidden civsTurbo modeCheats
Victory
Defeat
🇹🇼 Wei · Taiwan
1564
+14
🇨🇦 Khitans · Canada
1516
-14
DK
5:33 Loom
8:43 Feudal Age
9:24 Double-Bit Axe
11:32 Domestication
14:23 Forging
17:54 Scale Barding Armor
21:20 Castle Age
22:09 Husbandry
22:32 Chain Barding Armor
22:48 Iron Casting
23:46 Gold Mining
27:19 Wheelbarrow
xuan
6:07 Loom
8:59 Feudal Age
9:55 Double-Bit Axe
12:31 Horse Collar
14:21 Wheelbarrow
19:57 Castle Age
18:00 Gold Mining
19:06 Bloodlines
19:29 Fletching
19:39 Padded Archer Armor
20:53 Bow Saw
20:51 Bodkin Arrow
21:47 Husbandry
22:22 Bow Saw
24:18 Ballistics
26:28 Stone Mining
29:25 Treadmill Crane
Connection lost

Rejoining the realm…

Still unreachable

The connection could not be restored.

Session expired

The server has moved on; the page needs a fresh start.